[Event "Early-Titled-Tuesday-Blitz-February-06-2024"]
[Site "Chess.com"]
[Date "2024.02.06"]
[Round "1"]
[White "KhazhatulyAlikhan"]
[Black "Ranindu2003"]
[Result "0-1"]
[WhiteElo "2397"]
[BlackElo "2719"]
[TimeControl "180+1"]
[EndTime "8:08:00 PST"]
[Termination "Ranindu2003 won by checkmate"]

1. e4 c5 2. Nf3 Nc6 3. Bb5 g6 4. O-O Bg7 5. c3 Nf6 6. Re1 O-O 7. d4 d5 8. e5 Ne4 9. Nbd2 Nxd2 10. Bxd2 Qb6 11. Bxc6 Qxc6 12. Qe2 Bg4 13. Be3 cxd4 14.
cxd4 Rac8 15. Rac1 Qb6 16. b3 Qa5 17. Qd2 Qa3 18. Ng5 Bf5 19. h3 h6 20. Nf3 g5 21.
h4 f6 22. hxg5 hxg5 23. exf6 exf6 24. Rc5 Be4 25. Rec1 Rxc5 26. dxc5 Qa6 27. Nd4 Re8 28. c6 bxc6 29. Rxc6 Qd3 30. Qa5 f5 31. Qc3 f4 32.
Qxd3 Bxd3 33. Ne6 fxe3 34. fxe3 Bf5 35. Nxg7 Kxg7 36. Rc7+ Kg6 37. Rxa7 Rxe3 38. Ra6+ Kh5 39. Rd6 Be4 40. b4 Re2 41. Kf1 Rxa2 42. b5 Rxg2 43. b6 Rb2 44. Kg1 g4 45. Kf1 g3 46. b7 g2+ 47.
Ke1 g1=Q# 0-1

[Event "Early-Titled-Tuesday-Blitz-February-06-2024"]
[Site "Chess.com"]
[Date "2024.02.06"]
[Round "1"]
[White "claudyna16"]
[Black "pavet"]
[Result "0-1"]
[WhiteElo "2416"]
[BlackElo "2751"]
[TimeControl "180+1"]
[EndTime "8:08:01 PST"]
[Termination "pavet won by resignation"]

1. c4 e5 2. g3 Nf6 3. Bg2 d5 4. cxd5 Nxd5 5. Nc3 Nb6 6. e3 Bd6 7. Nge2 O-O 8. O-O c6 9. f4 exf4 10. Nxf4 N8d7 11. d4 Nf6 12. e4 Bg4 13. Qd3 Be7 14. h3 Be6 15. b3 Qd7 16. Kh2 Rad8 17. Nce2 Ne8 18. Bb2 Nc7 19. Rad1 Rfe8 20. a4 Bf8 21.
Qc3 Nc8 22. Nh5 f6 23. Rxf6 Bf7 24. Rf5 Nd6 25. Rg5 Bxh5 26. Rxh5 Nxe4 27. Qf3 Nf6 28. Rf5 Ncd5 29. Nf4 Nxf4 30. Qxf4 Re2 31. Rd2 Bd6 32. Rxe2 Bxf4 33. Rxf4 Nd5 34. Rfe4 Rf8 35. Re5 h6 36. Ba3 Rd8 37. Bxd5+ cxd5 38. Re7 Qf5 39. Rxb7 Rd7 40. Rb8+ Kh7 41. Rbe8 Rf7 42. Bd6 Qb1 43. Bf4 Qxb3 44. h4 Qxa4 45. h5 a5 46. Rd8 Qd1 47. Re5 a4 48.
Rdxd5 a3 49. Ra5 Qc2+ 50. Kh3 a2 51. Re8 Rf5 52. Raa8 Rxh5+ 53. Kg4 Qd1+ 0-1

[Event "Early-Titled-Tuesday-Blitz-February-06-2024"]
[Site "Chess.com"]
[Date "2024.02.06"]
[Round "1"]
[White "Kotlyar_K"]
[Black "Nuvas"]
[Result "1-0"]
[WhiteElo "2460"]
[BlackElo "2788"]
[TimeControl "180+1"]
[EndTime "8:08:02 PST"]
[Termination "Kotlyar_K won on time"]

1. d4 Nf6 2. c4 e6 3. Nc3 Bb4 4. e3 O-O 5. Bd2 d5 6. Nf3 b6 7. cxd5 exd5 8. Bd3 c5 9. O-O c4 10. Bc2 Bg4 11. h3 Bh5 12. a3 Bd6 13. e4 dxe4 14.
Nxe4 Bg6 15. Nxd6 Qxd6 16. Bxg6 hxg6 17. Bb4 Qd5 18. Bxf8 Kxf8 19. Ne5 Nc6 20. Nxc6 Qxc6 21. Rc1 Qd5 22. Qe2 b5 23. Qe5 Rd8 24. Rfd1 Kg8 25. Qxd5 Rxd5 26. f3 Nh5 27. Re1 Nf4 28. Re8+ Kh7 29.
Rd1 Nd3 30. Rd2 a5 31. Re7 f5 32. Ra7 a4 33. Rb7 Kh6 34. g3 f4 35. g4 Ne5 36.
Kg2 Nc6 37. Rc7 Rxd4 38. Rxd4 Nxd4 39. Rc5 g5 40. Rd5 Nc2 41. Rxb5 Kg6 42. Kf2 Ne3 43.
Ke2 Nc2 44. Ra5 Nd4+ 45. Kf2 Nc2 46. Rxa4 Ne3 47. Ra6+ Kf7 48. Rd6 Ke7 49. Rd2 Kf6 50. a4 1-0

[Event "Early-Titled-Tuesday-Blitz-February-06-2024"]
[Site "Chess.com"]
[Date "2024.02.06"]
[Round "1"]
[White "Cubitas"]
[Black "VitaliyChayka"]
[Result "1-0"]
[WhiteElo "2718"]
[BlackElo "2397"]
[TimeControl "180+1"]
[EndTime "8:08:02 PST"]
[Termination "Cubitas won on time"]

1. e4 d6 2. d4 Nf6 3. Nc3 e5 4. Nf3 Nbd7 5. Bc4 Be7 6. a4 O-O 7. a5 c6 8. O-O Rb8 9. Re1 b5 10. axb6 axb6 11. Bb3 b5 12. h3 Qc7 13. Nh4 Nb6 14.
dxe5 dxe5 15. Qf3 Be6 16. Nf5 Bxf5 17. Qxf5 b4 18. Na4 Ra8 19. Be3 Nxa4 20. Rxa4 Rxa4 21.
Bxa4 c5 22. g4 c4 23. g5 g6 24. Qf3 Nh5 25. b3 c3 26. Bb5 Nf4 27. Bxf4 exf4 28. h4 Qe5 29. Bc4 Rd8 30. Ra1 Bc5 31.
Bd5 Kg7 32. Kg2 Bb6 33. Ra4 Bc5 34. Ra5 Bd6 35. Ra7 Be7 36. Qg4 Kf8 37. Rb7 Qd6 38. Kf3 Rb8 39. Rd7 Qe5 40. Qxf4 Qxf4+ 41. Kxf4 Ke8 42.
Ra7 Rb6 43. f3 Rb8 44. Kg4 Kf8 45. f4 Rd8 46. h5 Rb8 47. h6 Ke8 48. f5 Kf8 49. f6 Bc5 50. Rxf7+ Ke8 51. Rxh7 Rb6 52. Rh8+ Bf8 53. h7 1-0

[Event "Early-Titled-Tuesday-Blitz-February-06-2024"]
[Site "Chess.com"]
[Date "2024.02.06"]
[Round "1"]
[White "BestestBP"]
[Black "Tsschessulover"]
[Result "0-1"]
[WhiteElo "2275"]
[BlackElo "2612"]
[TimeControl "180+1"]
[EndTime "8:08:02 PST"]
[Termination "Tsschessulover won on time"]

1. e4 e5 2. Nf3 Nf6 3. Nc3 Nc6 4.
Bb5 Bd6 5. Bxc6 dxc6 6. d4 exd4 7. Qxd4 O-O 8. Bg5 Be7 9. O-O-O Qxd4 10. Rxd4 h6 11.
Bh4 Bc5 12. Bxf6 gxf6 13. Rd2 Kh7 14. Kb1 Rg8 15. g3 Bg4 16. Nh4 Rad8 17. Rxd8 Rxd8 18.
f3 Be6 19. Ne2 Rd2 20. Nf4 Be3 21. Nhg2 Bb6 22. Nxe6 fxe6 23. Nf4 e5 24. Nd3 Rg2 25. a3 Bd4 26. a4 c5 27. b3 c6 28. f4 b5 29. fxe5 fxe5 30. axb5 cxb5 31. Rf1 c4 32.
bxc4 bxc4 33. Nb2 c3 34. Nc4 Rxh2 35. Rf7+ Kg6 36. Rc7 Rh1+ 37. Ka2 Rc1 38. Kb3 Rb1+ 39. Ka2 Rg1 40. Rc8 Kh7 41. Rc7+ Kg8 42. Rc8+ Kf7 43. Rc7+ Kf6 44. Rc6+ Kg5 45. Nd6 Rxg3 46. Nf7+ Kf4 47.
Nxh6 Kxe4 48. Nf7 Rg2 49. Kb3 Rg1 50. Nd6+ Kd5 51. Ra6 Rb1+ 52. Ka2 Rb2+ 53. Ka1 Rxc2 54. Nb5 Rh2 55. Nc7+ Kc4 56. Rc6+ Kb3 0-1

[Event "Early-Titled-Tuesday-Blitz-February-06-2024"]
[Site "Chess.com"]
[Date "2024.02.06"]
[Round "1"]
[White "Huragan007"]
[Black "bylavochka"]
[Result "1-0"]
[WhiteElo "2600"]
[BlackElo "2246"]
[TimeControl "180+1"]
[EndTime "8:08:02 PST"]
[Termination "Huragan007 won on time"]

1. e4 c5 2. b3 Nc6 3. Bb2 Nf6 4.
Nc3 e6 5. Nf3 d6 6. d4 cxd4 7.
Nxd4 Be7 8. Be2 O-O 9. Qd2 Qc7 10. O-O-O a6 11. g4 Nxd4 12. Qxd4 e5 13. Qe3 Be6 14. g5 Ng4 15. Bxg4 Bxg4 16. f3 Be6 17. h4 f5 18. gxf6 Rxf6 19. Nd5 Bxd5 20. Rxd5 Raf8 21. Rf1 Rg6 22. Kb1 Rg2 23. Rd2 Rxd2 24. Qxd2 Bxh4 25. Rh1 Be7 26. Qh2 h6 27. Qh5 Bg5 28. Rd1 Rf6 29.
Qe8+ Kh7 30. Rd3 Qc5 31. a4 Bf4 32. Qe7 Rg6 33. Rc3 Rg1+ 34. Ka2 Qd4 35. Rc7 Qd1 36. Rxb7 Qb1+ 37. Ka3 Bc1 38. Bxc1 Qxc1+ 39. Kb4 Qd2+ 40. c3 Qe3 41. Qxd6 Qxf3 42. Qd5 Rg4 43. Rc7 Rxe4+ 44. Rc4 Rxc4+ 45. bxc4 Qg3 46. c5 h5 47. c6 h4 48.
Qe4+ 1-0

[Event "Early-Titled-Tuesday-Blitz-February-06-2024"]
[Site "Chess.com"]
[Date "2024.02.06"]
[Round "1"]
[White "Kotofeyca"]
[Black "Vaibhavraut99"]
[Result "0-1"]
[WhiteElo "2407"]
[BlackElo "2732"]
[TimeControl "180+1"]
[EndTime "8:08:03 PST"]
[Termination "Vaibhavraut99 won on time"]

1. d4 Nf6 2. c4 e6 3. Nf3 Bb4+ 4. Nbd2 O-O 5. a3 Bxd2+ 6. Bxd2 b6 7. Bg5 Bb7 8. e3 h6 9. Bh4 d6 10. Qc2 Nbd7 11.
Be2 Qe7 12. O-O a5 13. b4 g5 14. Bg3 Ne4 15. Nd2 Nxg3 16. fxg3 f5 17. e4 fxe4 18.
Nxe4 Qg7 19. Rxf8+ Nxf8 20. Rd1 axb4 21. axb4 Ra1 22.
Qd3 Rxd1+ 23. Bxd1 Nd7 24. Bf3 Bxe4 25. Qxe4 Qf6 26. h3 c5 27. dxc5 dxc5 28. Qc6 Qd4+ 29. Kh2 Kf7 30. b5 Ke7 31. Bg4 Qxc4 32. Bh5 Qd5 33. Qc8 c4 34. Qe8+ Kd6 35. Bf3 Qxb5 36.
Qh8 Qe5 37. Qa8 c3 38. Qc6+ Ke7 39. Qc8 h5 40. Bc6 Nf6 41. Qb7+ Kf8 42. Qxb6 Qd6 0-1

[Event "Early-Titled-Tuesday-Blitz-February-06-2024"]
[Site "Chess.com"]
[Date "2024.02.06"]
[Round "1"]
[White "adapodadei"]
[Black "Quattroporte300"]
[Result "1-0"]
[WhiteElo "2715"]
[BlackElo "2394"]
[TimeControl "180+1"]
[EndTime "8:08:03 PST"]
[Termination "adapodadei won by resignation"]

1. e4 c5 2. Nc3 Nc6 3. g3 e5 4.
Bg2 g6 5. d3 Bg7 6. Nge2 Nge7 7.
O-O O-O 8. Be3 d6 9. Nd5 Nxd5 10. exd5 Ne7 11. f4 exf4 12. Bxf4 Bxb2 13. Rb1 Bg7 14.
Bg5 h6 15. Bd2 Rb8 16. Nc3 a6 17. a4 Kh7 18. Kh1 f5 19. Ne2 b5 20. axb5 axb5 21.
Nf4 b4 22. c3 g5 23. Nh5 Ba6 24.
Nxg7 Kxg7 25. cxb4 Qc7 26. Bc3+ Kh7 27. bxc5 dxc5 28.
Rc1 Qd7 29. Be5 Nxd5 30. Bxb8 Ne3 31. Qe2 Nxf1 32. Be5 Bxd3 33. Qd2 Re8 34. Bxf1 Rxe5 35. Qxd3 Rd5 36. Qf3 Rd2 37. Rxc5 Kg6 38. Rc6+ Kg7 39.
Rc1 f4 40. gxf4 g4 41. Qc3+ Kh7 42. Bg2 Rf2 43. Qg3 Rd2 44. Rf1 Rd1 45. Qf2 Re1 46. Qxe1 1-0

[Event "Early-Titled-Tuesday-Blitz-February-06-2024"]
[Site "Chess.com"]
[Date "2024.02.06"]
[Round "1"]
[White "Bilan_Danila"]
[Black "NCchamp"]
[Result "1-0"]
[WhiteElo "2615"]
[BlackElo "2281"]
[TimeControl "180+1"]
[EndTime "8:08:03 PST"]
[Termination "Bilan_Danila won on time"]

1. d4 d5 2. Nf3 Nf6 3. c4 dxc4 4. e3 a6 5. Bxc4 Bg4 6. Bxf7+ Kxf7 7. Ne5+ Ke8 8.
Nxg4 Nxg4 9. Qxg4 Qd5 10. Nc3 Qd7 11. Qe4 c6 12. O-O e6 13. Na4 Qf7 14. Bd2 Nd7 15.
f4 Bd6 16. f5 e5 17. dxe5 Bxe5 18. Bc3 Qe7 19. Bxe5 Qxe5 20. Qxe5+ Nxe5 21. Nc5 Ke7 22. b3 b6 23. Ne6 g6 24. e4 gxf5 25. exf5 Kf6 26.
Rad1 Rhg8 27. Nd4 Rac8 28. Nf3 Rgd8 29. Nxe5 Kxe5 30. Rde1+ Kd6 31. f6 Rf8 32. Rf3 Rc7 33.
b4 Rcf7 34. Ref1 c5 35. bxc5+ bxc5 36. g4 c4 37. g5 Rg8 38. h4 h6 39. Rf5 hxg5 40.
hxg5 Rh7 41. Kg2 Ke6 42. f7 Rf8 43. g6 Rg7 44. Rf6+ Ke7 45. Kg3 c3 46. Kg4 c2 47.
Kg5 c1=Q+ 48. Rxc1 1-0

[Event "Early-Titled-Tuesday-Blitz-February-06-2024"]
[Site "Chess.com"]
[Date "2024.02.06"]
[Round "1"]
[White "N4700000"]
[Black "AlexPapasimakopoulos"]
[Result "0-1"]
[WhiteElo "2420"]
[BlackElo "2755"]
[TimeControl "180+1"]
[EndTime "8:08:04 PST"]
[Termination "AlexPapasimakopoulos won by resignation"]

1. e4 e6 2. Nf3 d5 3. e5 c5 4. b4 c4 5. c3 a5 6. b5 Nd7 7. d4 cxd3 8. Bxd3 Ne7 9. O-O Nc5 10. Bc2 b6 11. Nd4 Bb7 12. Nd2 Rc8 13. Qe2 Qc7 14. Ba3 g6 15. Rac1 Bg7 16. f4 O-O 17. g4 Rfd8 18. Rf3 Ne4 19. Nxe4 dxe4 20. Bxe4 Bxe4 21.
Qxe4 Bf8 22. c4 Qd7 23. Bd6 Kh8 24. Rh3 Ng8 25. Nc6 Bxd6 26. exd6 Qxd6 27. Nxd8 Rxd8 28. Qe5+ Qxe5 29. fxe5 Ne7 30. c5 bxc5 31. Rxc5 Rb8 32. Rhc3 Kg7 33. a4 Nd5 34. R3c4 Nb6 35. Rd4 Rb7 36.
Rc6 g5 37. Rd8 Nxa4 38. Rcc8 Rxb5 39. Rg8+ Kh6 40. Rc4 Rb4 41. Rxb4 axb4 42. Rb8 Nc5 43. Rxb4 Nd3 44. Rb5 Kg6 45. Kg2 h5 46. h3 Nf4+ 47.
Kg3 h4+ 48. Kh2 Kg7 49. Rc5 Kg6 50. Rb5 f5 51. exf6 Kxf6 52. Ra5 e5 53. Ra6+ Ke7 54. Rb6 Kf7 55. Ra6 e4 56. Ra4 e3 57. Re4 e2 58.
Kg1 Nxh3+ 59. Kg2 Nf4+ 60. Kf3 Kf6 61. Kf2 h3 62. Re8 Kf7 63. Rh8 Ke6 64. Rg8 Kd6 65.
Rxg5 h2 66. Rh5 Nxh5 67. gxh5 h1=Q 0-1

[Event "Early-Titled-Tuesday-Blitz-February-06-2024"]
[Site "Chess.com"]
[Date "2024.02.06"]
[Round "1"]
[White "Boundless_Strike"]
[Black "AndresDelgado77"]
[Result "1-0"]
[WhiteElo "2665"]
[BlackElo "2345"]
[TimeControl "180+1"]
[EndTime "8:08:04 PST"]
[Termination "Boundless_Strike won on time"]

1. d4 Nf6 2. f3 c5 3. d5 e6 4. c4 b5 5. Nc3 b4 6. Na4 exd5 7.
cxd5 d6 8. e4 g6 9. Ne2 Bg7 10. Ng3 O-O 11. Be2 Re8 12. O-O Bd7 13. b3 Nxd5 14. Qxd5 Bc6 15. Bg5 Bxd5 16. Bxd8 Bxa1 17.
Rxa1 Rxd8 18. exd5 Nd7 19. Bb5 Nb6 20. Bc6 Rac8 21.
Nb2 Rc7 22. Re1 Kf8 23. Ne4 Re7 24. Kf2 h6 25. h4 f5 26. Ng3 Rxe1 27. Kxe1 h5 28.
Ne2 Kg7 29. Nf4 Kf6 30. Ne6 Rg8 31. Ke2 Rh8 32. Ke3 Rh7 33. Kf4 Re7 34. Nd1 Nd7 35. Bxd7 Rxd7 36. Ne3 a5 37. Nc4 Ra7 38. Nxd6 a4 39. Nc4 axb3 40. axb3 Ra2 41. Nxc5 Rxg2 42. d6 Rh2 43. d7 Ke7 44. Ne5 1-0

[Event "Early-Titled-Tuesday-Blitz-February-06-2024"]
[Site "Chess.com"]
[Date "2024.02.06"]
[Round "1"]
[White "Orest_Vovk"]
[Black "Capiberibe"]
[Result "1-0"]
[WhiteElo "2558"]
[BlackElo "2089"]
[TimeControl "180+1"]
[EndTime "8:08:04 PST"]
[Termination "Orest_Vovk won on time"]

1. h4 d5 2. h5 e5 3. h6 Nxh6 4. d4 e4 5. Bxh6 gxh6 6. e3 Bg7 7. c4 c6 8. Nc3 Be6 9. Qb3 Qb6 10. Nh3 Qxb3 11.
axb3 Nd7 12. Nf4 Nf6 13. cxd5 cxd5 14. Bb5+ Ke7 15. Be2 a6 16. Ra5 Rhd8 17. Nh5 Nxh5 18. Rxh5 f5 19. g3 Rac8 20. Kd2 Kd6 21. b4 Rc6 22. Rc5 Rxc5 23. bxc5+ Ke7 24. b4 Rb8 25. Bd1 Kf6 26. g4 Rd8 27. gxf5 Bxf5 28. Bb3 Kg6 29. Rxf5 Kxf5 30. Bxd5 Rd7 31. Bxe4+ Kg4 32. f3+ Kg3 33. Ne2+ Kf2 34. Kd3 h5 35. Nf4 h4 36. Ne6 h3 37.
f4 h2 38. d5 Re7 39. f5 Be5 40. d6 Rf7 41. Ng5 Rg7 42. Ne6 Rg4 43. Bxb7 Rg2 44.
Bxg2 Kxg2 45. d7 Bf6 46. d8=Q Kg3 47. Qd6+ Be5 48. Qd5 h1=Q 49. Qxh1 1-0

[Event "Early-Titled-Tuesday-Blitz-February-06-2024"]
[Site "Chess.com"]
[Date "2024.02.06"]
[Round "1"]
[White "VomDingJetztHer"]
[Black "Zhalmakhanov_Ramazan"]
[Result "0-1"]
[WhiteElo "2499"]
[BlackElo "2927"]
[TimeControl "180+1"]
[EndTime "8:08:06 PST"]
[Termination "Zhalmakhanov_Ramazan won by checkmate"]

1. e4 c5 2. Nf3 d6 3. Bb5+ Nd7 4.
Be2 Ngf6 5. d3 e6 6. O-O Be7 7. c4 O-O 8. Nc3 Ne5 9. Ne1 Nc6 10. f4 a6 11. g4 b5 12. cxb5 axb5 13. Nxb5 Qb6 14.
Nc3 c4+ 15. Kh1 cxd3 16. Nxd3 Bb7 17. g5 Nd7 18. Bd2 Na5 19. Be1 Nc4 20. Bf2 Qa5 21. b4 Qa3 22. Nb5 Qa6 23. Nc7 Qc6 24. Nxa8 Qxe4+ 25.
Bf3 Qxf3+ 26. Qxf3 Bxf3+ 27. Kg1 Rxa8 28. a4 Be2 29. a5 Bxd3 30. Rfd1 Be4 31. a6 Bc6 32. a7 d5 33. h4 Bb5 34. h5 Kf8 35. Bd4 f6 36. h6 gxh6 37. gxh6 Kf7 38. Kf2 e5 39. fxe5 fxe5 40. Bc3 Ke6 41. Rg1 Nf6 42. Kg2 d4 43. Be1 Nd5 44. Kh3 Nf4+ 45. Kh2 Bf6 46. Bg3 Ne2 47.
Rg2 Ne3 48. Rf2 Ng4+ 49. Kg2 Nxf2 50. Bxf2 Nc3 51. Kf3 Bc6+ 52. Kg3 Ne4+ 53. Kf3 Nd6+ 54. Ke2 Nb5 55. Ra6 Kd6 56. Rb6 Rxa7 57. Rb8 Ra2+ 58. Ke1 Nc3 59. Bg3 Ra1+ 60. Kd2 Ne4+ 61. Kc2 Nxg3 62. b5 Be4+ 63. Kb2 Rb1+ 64. Ka2 Ne2 65. b6 Nc3+ 66. Ka3 Be7 67. Rc8 Ke6+ 68. Rc5 Bxc5# 0-1

[Event "Early-Titled-Tuesday-Blitz-February-06-2024"]
[Site "Chess.com"]
[Date "2024.02.06"]
[Round "1"]
[White "Mourinho_Jose"]
[Black "Alex_Sahakyan2006"]
[Result "0-1"]
[WhiteElo "2491"]
[BlackElo "2892"]
[TimeControl "180+1"]
[EndTime "8:08:06 PST"]
[Termination "Alex_Sahakyan2006 won on time"]

1. e4 e5 2. Nf3 Nc6 3. Nc3 Nf6 4. d4 Bb4 5. Nxe5 O-O 6. Nxc6 dxc6 7. e5 Ne4 8. Qd3 Bf5 9. Bd2 Nxd2 10. Qxd2 f6 11.
Bc4+ Kh8 12. O-O-O fxe5 13. dxe5 Qh4 14. f4 Rad8 15. Qe3 b5 16. g3 Qe7 17. Be2 Bc5 18. Qf3 Be6 19. Kb1 b4 20. Ne4 Bd5 21. Bd3 Bd4 22. Qh5 g6 23. Qh3 c5 24. Ng5 Bxh1 25. Bxg6 Bxe5 26. Rxh1 Qd7 27. Qxd7 Rxd7 28.
fxe5 hxg6 29. b3 Rf5 30. e6 Rd2 31. Nf7+ Kg7 32. Re1 Rxf7 33. exf7 Kxf7 34. Rf1+ Ke6 35. h4 Rg2 36. Rf3 Kd5 37. Rd3+ Kc6 38. Kb2 Kb5 39. Rf3 c4 40. bxc4+ Kxc4 41. Rf4+ Kb5 42. Rg4 c5 43.
Rxg6 a5 44. h5 a4 45. a3 b3 46. h6 Rxc2+ 47. Kb1 Rh2 48. g4 Kc4 49. g5 Kc3 0-1

[Event "Early-Titled-Tuesday-Blitz-February-06-2024"]
[Site "Chess.com"]
[Date "2024.02.06"]
[Round "1"]
[White "simonachess"]
[Black "Chernobay_Artem"]
[Result "0-1"]
[WhiteElo "2343"]
[BlackElo "2656"]
[TimeControl "180+1"]
[EndTime "8:08:06 PST"]
[Termination "Chernobay_Artem won by resignation"]

1. d4 g6 2. c4 Bg7 3. e4 c5 4. d5 e6 5. Nf3 d6 6. Be2 Ne7 7. O-O O-O 8. Qc2 a6 9. Nc3 exd5 10. exd5 Bf5 11. Qd1 Nd7 12. Nh4 Nf6 13. h3 Bd7 14. Bg5 h6 15. Be3 Re8 16. Qd2 g5 17. Nf3 Nf5 18. Bd3 Nxe3 19. fxe3 Nh5 20. Qf2 f5 21. Nd2 f4 22. Bg6 fxe3 23. Qf7+ Kh8 24. Bxh5 exd2 25. Rad1 Rf8 26. Qg6 Rxf1+ 27. Rxf1 Be8 28. Qxe8+ Qxe8 29. Bxe8 Rxe8 30. Nd1 Bd4+ 31. Kh2 Re1 32. Rh1 Be5+ 33. g3 Re2+ 34. Kg1 Bxg3 35. Kf1 Re1+ 36. Kg2 Rxh1 37.
Kxh1 h5 38. Kg2 Bf4 39. Kf3 Kg7 40. h4 Kf6 41. Ke4 Bg3 42. hxg5+ Kxg5 43. Kf3 h4 44. b3 Bf4 45. Nf2 Kf5 46. Nd1 h3 47. Nf2 h2 48. Ke2 Bg3 49. Nh1 Be1 0-1

[Event "Early-Titled-Tuesday-Blitz-February-06-2024"]
[Site "Chess.com"]
[Date "2024.02.06"]
[Round "1"]
[White "leschebaza"]
[Black "GothamChess"]
[Result "1-0"]
[WhiteElo "2422"]
[BlackElo "2714"]
[TimeControl "180+1"]
[EndTime "8:08:07 PST"]
[Termination "leschebaza won on time"]

1. Nf3 g6 2. d4 Bg7 3. c4 d6 4.
Nc3 Nc6 5. e4 Bg4 6. Be3 Bxf3 7.
gxf3 e5 8. dxe5 dxe5 9. Qa4 Ne7 10. Rd1 Qc8 11. h4 O-O 12. Bh3 f5 13. h5 Nd4 14.
Bxd4 exd4 15. Nd5 Nxd5 16. cxd5 Qe8 17. Qxe8 Raxe8 18. hxg6 hxg6 19. Kf1 fxe4 20. Be6+ Rxe6 21. dxe6 Rxf3 22. Kg2 Rf4 23. Rh3 d3 24. Rg3 Rf6 25.
f3 e3 26. Rxd3 Rxe6 27. Kf1 Bxb2 28. Ke2 Kf7 29. Rxe3 Ra6 30. Rb3 Rxa2 31. Rg4 b6 32.
Kd3 Bf6 33. Rc4 c5 34. Ke4 Re2+ 35. Kf4 Rd2 36. Ra4 Rd7 37. Ke4 Ke6 38. f4 Rd4+ 39.
Rxd4 Bxd4 40. Ra3 a5 41. Rg3 Kd6 42. Rxg6+ Kc7 43. Kd5 a4 44. f5 a3 45. Rg2 Kd7 46. Kc4 Kc6 47. Re2 b5+ 48. Kb3 b4 49. Re6+ Kd5 50.
Ra6 Ke5 51. f6 Ke4 52. f7 Bg7 53. Ra8 Kd3 54. Rg8 c4+ 55. Kxb4 a2 56. Ra8 1-0

[Event "Early-Titled-Tuesday-Blitz-February-06-2024"]
[Site "Chess.com"]
[Date "2024.02.06"]
[Round "1"]
[White "bescmelasti"]
[Black "annamaja"]
[Result "1-0"]
[WhiteElo "2685"]
[BlackElo "2369"]
[TimeControl "180+1"]
[EndTime "8:08:08 PST"]
[Termination "bescmelasti won by resignation"]

1. e4 e6 2. d4 d5 3. Nc3 Nf6 4. e5 Nfd7 5. f4 c5 6. Nf3 Nc6 7. Be3 a6 8. Qd2 b5 9. h4 b4 10.
Na4 cxd4 11. Nxd4 Nxd4 12. Bxd4 Be7 13. h5 Qa5 14. b3 Qc7 15. Bd3 h6 16. Qe3 a5 17.
O-O-O Ba6 18. g4 Bxd3 19. Rxd3 Rc8 20. Rh2 Nc5 21. Nxc5 Bxc5 22. f5 Bxd4 23. Qxd4 Qc5 24. Kb2 Qxd4+ 25. Rxd4 Rc3 26. a3 O-O 27. axb4 axb4 28.
Rxb4 Re3 29. fxe6 fxe6 30. Rb7 Rxe5 31. b4 Rf4 32. Rg2 Ree4 33. b5 Rxg4 34. Rxg4 Rxg4 35.
b6 e5 36. Kc3 Rc4+ 37. Kb3 Rc6 38. Kb4 e4 39. Kb5 Rxc2 40. Re7 Kf8 41. Re5 Kf7 42. b7 Rb2+ 43. Kc6 Kf6 44. Rxd5 e3 45. Rd3 e2 46. Re3 Kg5 47. Rxe2 Rxe2 48. b8=Q Kxh5 49.
Qb5+ g5 50. Qxe2+ Kh4 51. Kd5 g4 52. Ke4 h5 53. Kf4 Kh3 54. Qf2 h4 55. Qf1+ Kh2 56. Kxg4 1-0

[Event "Early-Titled-Tuesday-Blitz-February-06-2024"]
[Site "Chess.com"]
[Date "2024.02.06"]
[Round "1"]
[White "epiclord678"]
[Black "Rurep26"]
[Result "0-1"]
[WhiteElo "2422"]
[BlackElo "2763"]
[TimeControl "180+1"]
[EndTime "8:08:09 PST"]
[Termination "Rurep26 won by resignation"]

1. e4 e6 2. d4 d5 3. Nd2 c5 4. Ngf3 cxd4 5. exd5 Qxd5 6. Bc4 Qd6 7. O-O Nf6 8. Nb3 Nc6 9. Nbxd4 Nxd4 10. Nxd4 Bd7 11. c3 Qc7 12. Bb3 Bd6 13. h3 Bh2+ 14. Kh1 Bf4 15. Qf3 Bxc1 16. Raxc1 O-O-O 17. a4 a6 18.
Rfe1 Kb8 19. Ra1 e5 20. Nc2 e4 21. Qe2 h5 22. Ne3 Bc6 23. Kg1 g5 24. Red1 g4 25. Rxd8+ Qxd8 26. Rd1 Qc7 27. h4 Rd8 28. Rxd8+ Qxd8 29. Bxf7 Bxa4 30. g3 Qd3 31. Bc4 Qb1+ 32. Kg2 Qc1 33.
b3 Bc6 34. Qc2 Qxc2 35. Nxc2 e3+ 36. Kf1 exf2 37. Kxf2 Ne4+ 38. Ke3 Nxg3 39. Kf4 Ne4 40. Nd4 Nxc3 41. Nxc6+ bxc6 42. Bxa6 Nd5+ 43. Kg5 g3 44. Bf1 Ne3 45. Bh3 g2 46. Bxg2 Nxg2 47. Kxh5 Kc7 48. Kg5 Nxh4 49. Kxh4 Kb6 50. Kg4 Kb5 51. Kf3 Kb4 52. Ke4 Kxb3 53. Kd4 Kb4 0-1

[Event "Early-Titled-Tuesday-Blitz-February-06-2024"]
[Site "Chess.com"]
[Date "2024.02.06"]
[Round "1"]
[White "Fandorine"]
[Black "korkmaz16"]
[Result "1-0"]
[WhiteElo "2964"]
[BlackElo "2505"]
[TimeControl "180+1"]
[EndTime "8:08:10 PST"]
[Termination "Fandorine won by resignation"]

1. Nf3 d5 2. g3 g6 3. Bg2 Bg7 4. O-O e5 5. d3 Nc6 6. e4 dxe4 7.
dxe4 Qxd1 8. Rxd1 Bg4 9. c3 Rd8 10. Re1 Nge7 11. Be3 O-O 12. Nbd2 h6 13. a4 Rd7 14. a5 a6 15. Nb3 Rdd8 16. Nc5 Rb8 17. h3 Bc8 18. Red1 Rd8 19. b4 Kf8 20. Nd2 Ke8 21.
Nc4 Be6 22. Nxe6 fxe6 23. h4 Rxd1+ 24. Rxd1 Rd8 25. Rxd8+ Nxd8 26. Bh3 Kd7 27. Kf1 Ndc6 28. Nb2 Nc8 29. Nd3 b6 30. Ke2 bxa5 31. Nc5+ Ke7 32. bxa5 Nxa5 33. Bxe6 Nd6 34. Ba2 Nac4 35. Bxc4 Nxc4 36.
Nxa6 Kd6 37. Kd3 Nb6 38. Bxb6 cxb6 39. Kc4 Kc6 40. Nb4+ Kd6 41. Kb5 g5 42. hxg5 hxg5 43. g4 Kc7 44. Nd5+ Kd6 45. Nxb6 Bf8 46. Nc4+ Ke6 47.
f3 Be7 48. Kc6 Bf8 49. Ne3 Ba3 50. c4 Bb2 51. Nd5 Bd4 52. c5 1-0

[Event "Early-Titled-Tuesday-Blitz-February-06-2024"]
[Site "Chess.com"]
[Date "2024.02.06"]
[Round "1"]
[White "Levanzovsky"]
[Black "BilodeauA"]
[Result "1/2-1/2"]
[WhiteElo "2521"]
[BlackElo "3005"]
[TimeControl "180+1"]
[EndTime "8:08:11 PST"]
[Termination "Game drawn - insufficient material"]

1. d4 d5 2. c4 dxc4 3. Nf3 a6 4. a4 Nf6 5. e3 Bg4 6. Bxc4 e6 7. O-O Nc6 8. Nbd2 Bd6 9. h3 Bh5 10. Qc2 O-O 11.
b3 Nd5 12. Bb2 f5 13. Rac1 Nce7 14. Ne5 c6 15. e4 fxe4 16. Nxe4 Bg6 17. Nxg6 Nxg6 18.
Nxd6 Qxd6 19. Rce1 Ngf4 20. Qe4 Rf6 21. Bc1 Raf8 22.
Qe5 Qxe5 23. Rxe5 Rg6 24. Bxf4 Nxf4 25. g3 Nxh3+ 26. Kh2 Ng5 27. f4 Nf7 28. Rxe6 Rxe6 29. Bxe6 Rd8 30. Rd1 Kf8 31. Bxf7 Kxf7 32. Kg2 Ke6 33.
Kf3 Kd5 34. Re1 Rd7 35. Re4 c5 36. Ke3 Kc6 37. Re6+ Rd6 38. Rxd6+ Kxd6 39. Ke4 b5 40. axb5 axb5 41. g4 c4 42. bxc4 bxc4 43. d5 Kc5 44. Ke5 c3 45. d6 c2 46. d7 c1=Q 47. d8=Q Qc3+ 48. Kf5 Qc2+ 49. Ke6 Qg6+ 50. Kd7 Qd3+ 51. Ke7 Qe4+ 52. Kf8 Qxf4+ 53. Kxg7 Qxg4+ 54. Kxh7 Qh5+ 55. Kg7 Qe5+ 56. Kf7 Qd5+ 57. Qxd5+ Kxd5 1/2-1/2

[Event "Early-Titled-Tuesday-Blitz-February-06-2024"]
[Site "Chess.com"]
[Date "2024.02.06"]
[Round "1"]
[White "Grindaveci"]
[Black "Sattarov_Bobur"]
[Result "1/2-1/2"]
[WhiteElo "2430"]
[BlackElo "2752"]
[TimeControl "180+1"]
[EndTime "8:08:12 PST"]
[Termination "Game drawn by repetition"]

1. e4 e5 2. Nf3 Nc6 3. Bc4 Bc5 4. c3 Qf6 5. d4 exd4 6. e5 Qg6 7. cxd4 Bb4+ 8.
Nc3 Nge7 9. O-O Bxc3 10. bxc3 d5 11. exd6 Qxd6 12. a4 O-O 13. Ba3 Qf6 14. d5 Rd8 15. Qe2 Bg4 16. dxc6 Nxc6 17. Qe4 Bh5 18. Nd4 Nxd4 19.
cxd4 Rxd4 20. Qxb7 Qd8 21. Rac1 Rb8 22. Qxa7 Ra8 23.
Qc5 Bg6 24. a5 h5 25. a6 h4 26. Bb2 Rg4 27. h3 Rg5 28. Qd4 Qf8 29. a7 c5 30. Qd7 Bf5 31. Qb7 Bxh3 32. Bd5 Bxg2 33.
Bxg2 h3 34. Kh2 Rxg2+ 35. Kh1 Rxa7 36. Qxa7 Qd6 37. f4 Qd2 38. Qa8+ Kh7 39. Qe4+ g6 40. Qf3 Rh2+ 41. Kg1 Rg2+ 42. Kh1 Rh2+ 43. Kg1 Qxb2 44. Rb1 Qc2 45. Rbc1 Qd2 46. Rcd1 Rg2+ 47. Kh1 Rh2+ 48.
Kg1 Qa2 49. Ra1 Qb2 50. Rab1 Rg2+ 51. Kh1 Rh2+ 52. Kg1 1/2-1/2